 Dungeon Crawl Stone Soup version 0.32-a0-933-ga8fa363 (webtiles) character file.

Game seed: 13089172462620345297

107 cowcow the Apothecary (level 4, 0/36 HPs)
             Began as a Naga Alchemist on Apr 14, 2024.
             Slain by an orc
             ... wielding a +0 mace
              (5 damage)
             ... on level 3 of the Dungeon.
             The game lasted 00:03:36 (2496 turns).

cowcow the Apothecary (Naga Alchemist)              Turns: 2496, Time: 00:03:37

Health: 0/36       AC:  2    Str: 10    XL:     4   Next: 86%
Magic:  3/8        EV:  9    Int: 17    God:
Gold:   92         SH:  0    Dex: 12    Spells: 8/9 levels left

rFire   . . .        i - +0 mace
rCold   . . .        (no shield)
rNeg    . . .        a - +0 robe
rPois   +            (no helmet)
rElec   .            (no cloak)
rCorr   .            (no gloves)
SInv    +            (no barding)
Will    .....        f - amulet of the acrobat
Stlth   ++           (no ring)
HPRegen 0.26/turn    (no ring)
MPRegen 0.11/turn

%: acrobat
@: very slow
A: AC +1, large, see invisible, deformed body, poison resistance, slowness 2,
spit poison 1, naga tail 1
a: Spit Poison


You were on level 3 of the Dungeon.
You visited 1 branch of the dungeon, and saw 3 of its levels.

You collected 92 gold pieces.

Inventory:

Hand Weapons
 i - a +0 mace (weapon)
Armour
 a - a +0 robe (worn)
Jewellery
 f - an amulet of the acrobat (around neck)
 m - a ring of resist corrosion
Scrolls
 c - 2 scrolls of amnesia {unknown}
 e - a scroll of acquirement {unknown}
 g - a scroll of immolation {unknown}
 h - 2 scrolls of identify {unknown}
 k - a scroll of blinking {unknown}
 l - a scroll of vulnerability {unknown}
 n - 2 scrolls of poison {unknown}
Potions
 b - 2 potions of magic
 d - a potion of might {unknown}
 j - a potion of lignification {unknown}
 o - a potion of ambrosia {unknown}
 p - a potion of curing {unknown}


   Skills:
 + Level 0.2 Fighting
 + Level 1.8 Dodging
 + Level 3.3 Stealth
 + Level 0.2 Unarmed Combat
 + Level 3.1 Spellcasting
 + Level 1.8 Conjurations
 + Level 4.8 Alchemy


You had 8 spell levels left.
You knew the following spells:

 Your Spells              Type           Power      Damage    Failure   Level
a - Sting                 Conj/Alch      56%        1d6       4%          1

Your spell library contained the following spells:

 Spells                   Type           Power      Damage    Failure   Level
 Mercury Vapours          Alch/Air       20%        N/A       10%         2
 Mephitic Cloud           Conj/Alch/Air  10%        N/A       21%         3
 Olgreb's Toxic Radiance  Alch           19%        N/A       24%         4
 Sticky Flame             Fire/Alch      10%        2d5       54%         4


Dungeon Overview and Level Annotations

Branches:
Dungeon (3/15)

Altars:

Shops:
D:2 [


Innate Abilities, Weirdness & Mutations

Your serpentine skin is tough. (AC +1)
You have supernaturally acute eyesight. (SInv)
Armour fits poorly on your strangely shaped body.
Your system is resistant to poisons. (rPois)
You cover ground very slowly.
You can spit poison.
You have a snake-like lower body.


Message History

An orc comes into view. It is wielding a +0 falchion.
The sting hits the orc priest.
The orc priest is poisoned.
The orc priest is moderately wounded.
The sting hits the orc priest.
The orc priest looks even sicker.
The orc priest is heavily wounded.
The orc priest mumbles some strange prayers to Beogh against you.
Beogh smites you!
An orc comes into view. It is wielding a +0 war axe.
The orc priest threatens, "Beogh's wrath is as vast as their mercy.
Make your choice!" (press Y on the ability menu to convert to Beogh)
You are too injured to fight recklessly!
The orc priest completely misses you.
You are too injured to fight recklessly!
The orc priest looks encouraged for a moment.
The orc closely misses you.
You are too injured to fight recklessly!
The orc priest invokes the aid of Beogh against you.
Beogh smites you!
* * * LOW HITPOINT WARNING * * *
The orc shouts!
The orc attacks as it pursues you! The orc completely misses you.
You kill the orc priest!
Your Spellcasting skill increases to level 3!
Unknown command.
Casting: Sting (safe; 4% risk of failure)
Confirm with . or Enter, or press ? or * to list all spells.
Aiming: Sting (safe; 4% risk of failure)
Press: ? - help, Shift-Dir - straight line, f - orc
Aim: an orc, wielding a +0 mace and wearing a +0 ring mail (75% to hit)
The sting misses the orc.
The orc barely misses you.
Unknown command.
Casting: Sting (safe; 4% risk of failure)
Confirm with . or Enter, or press ? or * to list all spells.
Aiming: Sting (safe; 4% risk of failure)
Press: ? - help, Shift-Dir - straight line, f/p - orc
Aim: an orc, wielding a +0 mace and wearing a +0 ring mail (75% to hit)
The sting hits the orc.
The orc is poisoned.
The orc is heavily wounded.
The orc hits you with a +0 mace.
You die...

#
#..#..###........###
#..##..# ##..#.†..#
#.# #..# #.###...#
#. .... ...###...# #
....######....##
###..## #.#..# ..
#.#..#
#.###.##....##
#......@o##..######
#.####.(..##......#
#.##o#######.# #.
#).# .. ##o## #.#
#..# #. ##.## ..
#..# ##..#


You could see 3 orcs.

Vanquished Creatures
  An orc priest (D:3)
  A gnoll (D:1)
  2 adders (D:2)
  2 dart slugs (D:1)
  An orc (D:3)
  7 bats
  6 endoplasms
  2 giant cockroaches (D:2)
  2 goblins
  6 hobgoblins
  6 ball pythons (D:1)
  6 frilled lizards
  A kobold (D:2)
  6 rats
49 creatures vanquished.

Notes
Turn   | Place    | Note
-------+----------+-------------------------------------------
     0 | D:1      | cowcow the Naga Alchemist began the quest for the Orb.
     0 | D:1      | Reached XP level 1. HP: 15/15 MP: 3/3
   113 | D:1      | Reached skill level 4 in Alchemy
   113 | D:1      | Reached XP level 2. HP: 22/22 MP: 1/5
   683 | D:1      | Reached XP level 3. HP: 25/28 MP: 1/6
  1938 | D:2      | Reached XP level 4. HP: 36/36 MP: 6/8
  2047 | D:2      | Found Tacw's Armour Shop.
  2496 | D:3      | Slain by an orc

Illustrated notes

Levels and vault maps discovered:
D:1:      nzn_arrival_settlement, layout_basic
D:2:      layout_rooms, serial_shops, shop, grunt_ministairs_5,
          nrook_loot_triangle, minmay_pentomino_v2
D:3:      layout_rooms

Skill      XL: |  1  2  3  4 |
---------------+-------------+-----
Alchemy        | 4 |  4.8
Spellcasting   | 3 |  3.1
Fighting       | |  0.2
Dodging        | |  1.8
Stealth        | |  3.3
Unarmed Combat | |  0.2
Conjurations   | |  1.8

Action                     |  1- 3 |  4- 6 || total
---------------------------+-------+-------++-------
  Melee: Unarmed           |    10 |       ||    10
         Mace              |     2 |     3 ||     5
   Cast: Sting             |    64 |    32 ||    96
Ability: Spit Poison       |     1 |       ||     1
 Armour: Robe              |    20 |     6 ||    26
  Dodge: Dodged            |    19 |    16 ||    35

Table legend: (Time is in decaauts)
 A = Elapsed time spent in this place.
 B = Non-inter-level travel time spent in this place.
 C = Inter-level travel time spent in this place.
 D = Time resting spent in this place.
 E = Time spent auto-exploring this place.
 F = Levels seen in this place.
 G = Mean time per level.
                   A        B        C        D        E       F      G
               +--------+--------+--------+--------+--------+-----+--------+
         Total |   3081 |   3053 |     28 |     80 |   2601 |   3 | 1027.0 |
       Dungeon |   3081 |   3053 |     28 |     80 |   2601 |   3 | 1027.0 |
               +--------+--------+--------+--------+--------+-----+--------+

Top non-repeatable levels by time:
     D:1: 1825 daAuts
     D:2: 991 daAuts
     D:3: 264 daAuts
